 Dungeon Crawl Stone Soup version 0.30-b1-2-g02819fbbbe (webtiles) character file.

Game seed: 1285393580479763415

3874 snakesoul the Thaumaturge (level 10, -2/77 HPs)
             Began as a Djinni Venom Mage on June 4, 2023.
             Was a Believer of Ashenzari.
             Slain by a sky beast (3 damage)
             ... on level 8 of the Dungeon.
             The game lasted 00:27:34 (8447 turns).

snakesoul the Thaumaturge (Djinni Venom Mage)       Turns: 8447, Time: 00:27:34

Health: -2/77      AC:  2    Str:  7    XL:     10   Next: 42%
Gold:   342        EV: 19    Int: 21    God:    Ashenzari [**....] SH:  0 Dex: 19

rFire   . . .        s - melded +4 halberd "Eternal With Me" {freeze, Evo, Self} (curse)
rCold   . . .        (shield currently unavailable)
rNeg    . . .        B - melded +0 swamp dragon scales
rPois   ∞            d - melded +0 helmet "Shattered Together" {Melee, Self} (curse)
rElec   .            (cloak currently unavailable)
rCorr   .            (gloves currently unavailable)
SInv    +            (boots unavailable)
Will    +....        (no amulet)
Stlth   ++           (no ring)
HPRegen 0.32/turn    (no ring)
MPRegen 0.00/turn

%: infuse magic (-3 HP)
@: spider-form, flying, very slightly contaminated
A: venomous fangs, flying, sickness immunity, tiny, (fire resistance 2), (cold
vulnerability 1), float, innate caster, HP casting, extra vitality 1
a: End Transformation, Renounce Religion, Curse Item, Shatter the Chains


You were on level 8 of the Dungeon.
You worshipped Ashenzari.
Ashenzari was pleased with you.
You were a venomous arachnid creature.
You visited 1 branch of the dungeon, and saw 8 of its levels.

You collected 342 gold pieces.

Inventory:

Hand Weapons
 c - a +0 hand axe
 s - the cursed +4 halberd "Eternal With Me" (melded) {freeze, Evo, Self}
   (You took it off a wight on level 4 of the Dungeon)

   It has a curse which improves the following skills: Evocations: Evocations.
   Introspection: Fighting and Spellcasting.
 t - a +2 great sword
Missiles
 x - 2 throwing nets
Armour
 a - a +0 robe
 d - the cursed +0 helmet "Shattered Together" (melded) {Melee, Self}
   (You found it on level 1 of the Dungeon)

   It has a curse which improves the following skills: Melee Combat: Short
   Blades, Long Blades, Axes, Maces & Flails, Polearms, Staves and Unarmed
   Combat.
   Introspection: Fighting and Spellcasting.
 B - +0 swamp dragon scales (melded)
Wands
 u - a wand of flame (15)
 z - a wand of paralysis (14)
Scrolls
 e - a scroll of magic mapping
 f - 3 scrolls of fog
 h - 3 scrolls of blinking
 j - 6 scrolls of identify
 k - a scroll of poison
 m - a scroll of immolation
 n - a scroll of fear
 w - a scroll of noise
 y - a scroll of torment
 C - a scroll of teleportation
 D - a scroll of enchant armour
Potions
 b - 4 potions of flight
 g - 3 potions of brilliance
 i - a potion of might
 l - a potion of magic
 o - 2 potions of berserk rage
 p - 5 potions of curing
 q - a potion of lignification
 r - 3 potions of heal wounds
 v - a potion of resistance
 A - a potion of haste


   Skills:
 + Level 8.9 Fighting
 - Level 2.1 Dodging
 - Level 1.5 Stealth
 + Level 9.1 Spellcasting


You knew the following spells:

 Your Spells              Type           Power      Damage    Failure   Level
a - Sting                 Tmut/Pois      100%       1d8       1%          1
b - Poisonous Vapours     Pois/Air       94%        N/A       2%          2
c - Mephitic Cloud        Conj/Pois/Air  47%        N/A       3%          3
d - Olgreb's Toxic Radia  Pois           47%        N/A       7%          4
e - Slow                  Hex            100%       N/A       1%          1
f - Searing Ray           Conj           94%        2d7       2%          2
g - Portal Projectile     Hex/Tloc       94%        N/A       3%          3
h - Spider Form           Tmut/Pois      47%        N/A       3%          3
Your spell library was empty.

Dungeon Overview and Level Annotations

Branches:
Dungeon (8/15)             Temple (0/1) D:4
   Lair: D:8-11

Altars:
Ashenzari
Elyvilon
Nemelex Xobeh
Ru
Trog
Uskayaw
Yredelemnul
The Shining One

Shops:
D:1 *

Annotations:
D:6 2 runed translucent doors, exclusion: zombie
D:8 Joseph


Innate Abilities, Weirdness & Mutations

You are a venomous arachnid creature.
You have venomous fangs.
You are tiny and dextrous.
You are flying.
Your spellcasting is less reliable in this form.
Your armour is entirely melded.
You are incapable of wielding weapons or throwing items.
You are immune to sickness and miasma.
You are immune to poison.
((Your flesh is very heat resistant. (rF++)))
((You are vulnerable to cold. (rC-)))
You float through the air rather than walking.
You learn spells naturally, not from books.
Your magical power is your life essence.
You have superior vitality. (+4 MHP)


Message History

The sky beast flickers out of sight for a moment.
An orc comes into view. It is wielding a +0 war axe.
Joseph shoots a sling bullet.
The sling bullet closely misses the sky beast.
The sling bullet hits you.
* * * LOW HITPOINT WARNING * * *
The orc shouts!
Joseph looks as sick as possible!
The orc is poisoned.
Joseph looks as sick as possible!
The sky beast looks even sicker.
Your toxic aura wanes.
Joseph shoots a sling bullet.
The sling bullet hits you.
* * * LOW HITPOINT WARNING * * *
Casting: Olgreb's Toxic Radiance (dangerous; 2% risk of failure)
Confirm with . or Enter, or press ? or * to list all spells.
You don't know that spell.
Unknown command.
Casting: Olgreb's Toxic Radiance (dangerous; 2% risk of failure)
Confirm with . or Enter, or press ? or * to list all spells.
Okay, then.
Unknown command.
Casting: Olgreb's Toxic Radiance (dangerous; 2% risk of failure)
Confirm with . or Enter, or press ? or * to list all spells.
You miscast Spider Form.
You are very lightly contaminated with residual magic.
Nothing appears to happen.
* * * LOW HITPOINT WARNING * * *
Casting: Spider Form (safe; 1% risk of failure)
Confirm with . or Enter, or press ? or * to list all spells.
You turn into a venomous arachnid creature.
The cursed +4 halberd "Eternal With Me" {freeze, Evo, Self} melds into your body.
The cursed +0 helmet "Shattered Together" {Melee, Self} melds into your body.
Your +0 swamp dragon scales melds into your body.
The cursed +4 halberd "Eternal With Me" {freeze, Evo, Self} stops glowing.
* * * LOW HITPOINT WARNING * * *
The sky beast attacks as you move away! The sky beast hits you.
* * * LOW HITPOINT WARNING * * *
The sky beast shocks you.
* * * LOW HITPOINT WARNING * * *
The sky beast attacks as you move away! The sky beast hits you.
You die...

* * , .# , ##.* ###.###
* #... *....... , #...
.)..... .# #...#
*....... ..###...#####
*....... ,,
............####.......*
,,.........sY..@o.))...,
, *
..........###......). ,
#.#...#.### #.###.#.# ,
, #.#...#.# #.. #,
*#.#...#.# #..# ,
#.#...#.# #..#* ,
#.##.##.### #..# , ,
##.).......# #...
#.).<#####.# ,


You could see Joseph (extremely poisoned), a sky beast (very poisoned) and an
orc (poisoned).

Vanquished Creatures
  Pikel (D:7)
  Maggie (D:7)
  Prince Ribbit (D:7)
  A steam dragon (D:6)
  A yak (D:8)
  3 orc warriors
  Duvessa (D:4)
  2 ice beasts
  A black bear (D:4)
  An ogre (D:6)
  3 centaurs
  3 lemures (D:7)
  A phantom (D:7)
  A kobold brigand (D:6)
  A bullfrog (D:7)
  A scorpion (D:7)
  7 wights
  Dowan (D:4)
  2 howler monkeys (D:7)
  A centaur zombie (D:6)
  2 bullfrog zombies (D:6)
  3 jellies
  A gnoll bouda (D:7)
  3 hounds
  2 sleepcaps
  3 iguanas (D:5)
  Natasha (thrice) (D:4 D:3)
  4 orc wizards
  A killer bee zombie (D:6)
  2 howler monkey zombies (D:6)
  13 gnolls
  6 adders
  A shadow imp (D:6)
  An ufetubus (D:7)
  6 worms
  4 dart slugs
  22 orcs
  5 bats
  4 endoplasms
  A giant cockroach (D:2)
  8 goblins
  7 hobgoblins
  3 jackals (D:2)
  3 quokkas
  5 ball pythons
  3 frilled lizards
  7 kobolds
  6 rats
163 creatures vanquished.

Vanquished Creatures (others)
  A wizard (D:4)
1 creature vanquished.

Grand Total: 164 creatures vanquished

Notes
Turn   | Place    | Note
-------+----------+-------------------------------------------
     0 | D:1      | snakesoul the Djinni Venom Mage began the quest for the
                  | Orb.
     0 | D:1      | snakesoul set off with the following spells memorised:
                  | Sting, Poisonous Vapours, Mephitic Cloud, Olgreb's Toxic
                  | Radiance.
     0 | D:1      | Reached XP level 1. HP: 15/15 MP: 0/0
   144 | D:1      | Reached XP level 2. HP: 9/21 MP: 0/0
   479 | D:1      | Reached skill level 3 in Spellcasting
   625 | D:1      | You are sucked into a shaft and drop 1 floor!
   640 | D:2      | Reached XP level 3. HP: 20/25 MP: 0/0
   640 | D:2      | Learned a level 1 spell: Slow
   888 | D:1      | Found Podeudad's General Store.
   912 | D:1      | Found a faded altar of an unknown god.
  1126 | D:2      | Reached XP level 4. HP: 26/31 MP: 0/0
  1591 | D:3      | Reached skill level 4 in Spellcasting
  1606 | D:3      | Reached XP level 5. HP: 7/35 MP: 0/0
  1606 | D:3      | Learned a level 2 spell: Searing Ray
  1786 | D:3      | Found a white marble altar of Elyvilon.
  2527 | D:4      | Found a broken altar of Ashenzari.
  2528 | D:4      | Found a sparkling altar of Nemelex Xobeh.
  2531 | D:4      | Found a hide-covered altar of Uskayaw.
  2531 | D:4      | Found a glowing golden altar of the Shining One.
  2537 | D:4      | Became a worshipper of Ashenzari the Shackled
  2553 | D:4      | Noticed Natasha
  2559 | D:4      | Killed Natasha
  2877 | D:4      | Found a staircase to the Ecumenical Temple.
  2912 | D:4      | Noticed Dowan
  2912 | D:4      | Noticed Natasha
  2914 | D:4      | Noticed Duvessa
  3054 | D:4      | Noticed a black bear
  3065 | D:4      | Reached XP level 6. HP: 28/40 MP: 0/0
  3086 | D:4      | Killed a black bear
  3087 | D:4      | Reached skill level 5 in Spellcasting
  3219 | D:4      | Killed Natasha
  3359 | D:4      | Reached XP level 7. HP: 38/45 MP: 0/0
  3359 | D:4      | Learned a level 3 spell: Portal Projectile
  3389 | D:4      | Noticed Natasha
  3397 | D:3      | Killed Natasha
  3461 | D:4      | Killed Duvessa
  3462 | D:4      | Reached skill level 1 in Fighting
  3462 | D:4      | Reached skill level 6 in Spellcasting
  3466 | D:4      | Killed Dowan
  3637 | D:4      | Found a bloodstained altar of Trog.
  3640 | D:4      | Noticed a wizard
  3646 | D:4      | Killed a wizard
  3736 | D:5      | Entered Level 5 of the Dungeon
  3828 | D:5      | Reached XP level 8. HP: 51/55 MP: 0/0
  4745 | D:6      | Found a runed translucent door.
  4747 | D:6      | Found a runed translucent door.
  4764 | D:6      | Reached * piety under Ashenzari
  5164 | D:6      | Found a sacrificial altar of Ru.
  5283 | D:6      | Reached skill level 7 in Spellcasting
  5516 | D:6      | Found a basalt altar of Yredelemnul.
  5595 | D:6      | Reached skill level 5 in Fighting
  5608 | D:6      | Reached XP level 9. HP: 19/66 MP: 0/0
  5608 | D:6      | Learned a level 3 spell: Spider Form
  6044 | D:6      | Identified the cursed +4 halberd "Eternal With Me" {freeze,
                  | Evo, Self} (You took it off a wight on level 4 of the
                  | Dungeon)
  6096 | D:6      | Identified the +5 chain mail of Yfoovah {rElec rPois}
  6244 | D:6      | Reached ** piety under Ashenzari
  6468 | D:7      | Noticed Maggie
  6628 | D:7      | Killed Maggie
  6673 | D:7      | Reached skill level 8 in Spellcasting
  7066 | D:7      | Noticed Pikel
  7082 | D:7      | Killed Pikel
  7083 | D:7      | Reached XP level 10. HP: 43/78 MP: 0/0
  7319 | D:7      | Noticed Prince Ribbit
  7332 | D:7      | Killed Prince Ribbit
  8168 | D:7      | Reached skill level 9 in Spellcasting
  8434 | D:8      | Noticed Joseph
  8446 | D:8      | HP: 1/77 [sky beast (5)]
  8447 | D:8      | Slain by a sky beast

Illustrated notes

Levels and vault maps discovered:
D:1:      amcnicky_arrival_feature_with_door, layout_basic, serial_shops, shop,
          dreamdust_ecumenical_altar_hidden_monk_grotto
D:2:      layout_rooms, kennysheep_generic_room_11
D:3:      layout_basic, elyvilon_altar_1
D:4:      layout_rooms, trog_wizard, mainiacjoe_overflow_alcove_3,
          minmay_temple_entry_drinking_statues, minmay_cupped, uniq_duvessa,
          uniq_natasha
D:5:      layout_basic, minmay_misc_feat_enclosed, kennysheep_decorative_pillar
D:6:      lemuel_insect_pit, layout_basic, nicolae_ru_sacrificial_ziggurat,
          nicolae_yredelemnul_corpse_copse, kennysheep_generic_room_14
D:7:      layout_layer_cave, uniq_prince_ribbit1, uniq_maggie, uniq_pikel
D:8:      layout_loops_cross, special_room [special_room_orc], uniq_joseph

Skill      XL: |  1  2  3  4  5  6  7  8  9 10 |
---------------+-------------------------------+-----
Spellcasting   | 3 4 5 6 7 8 9 |  9.1
Fighting       | 2 5 7 8 |  8.9
Dodging        | |  2.1
Stealth        | |  1.5

Action                     |  1- 3 |  4- 6 |  7- 9 | 10-12 || total
---------------------------+-------+-------+-------+-------++-------
  Melee: Hand axe          |     3 |     4 |       |       ||     7
   Cast: Sting             |    61 |    81 |    62 |     9 ||   213
         Poisonous Vapours |       |     5 |    32 |     6 ||    43
         Mephitic Cloud    |       |     3 |     5 |       ||     8
         Searing Ray       |       |     3 |    31 |    16 ||    50
         Slow              |       |     2 |    12 |     3 ||    17
         Olgreb's Toxic Ra |       |     1 |    11 |     7 ||    19
         Spider Form       |       |       |     1 |     1 ||     2
 Invoke: Curse Item        |       |       |     2 |       ||     2
    Use: Scroll            |       |     3 |       |       ||     3
 Armour: Robe              |     8 |    10 |    10 |       ||    28
         Swamp dragon scal |       |       |     1 |     7 ||     8
  Dodge: Dodged            |    25 |    40 |    32 |     8 ||   105
